 Dungeon Crawl Stone Soup version 0.31-a0-177-g4aa6249778 (webtiles) character file.

Game seed: 4353488332339057861

700 qw the Shooter (level 7, -13/64 HPs)
             Began as a Naga Hunter on June 18, 2023.
             Mangled by Duvessa
             ... wielding a +0 short sword
              (16 damage)
             ... on level 5 of the Dungeon.
             The game lasted 00:01:35 (3281 turns).

qw the Shooter (Naga Hunter)                        Turns: 3281, Time: 00:01:36

Health: -13/64     AC:  6    Str: 14      XL:     7   Next: 65%
Magic:  5/5        EV: 10    Int: 12      God:
Gold:   123        SH:  0    Dex: 14 (16) Spells: 6/6 levels left

rFire   + . .        Y - +0 shortbow (freeze)
rCold   . . .        (shield currently unavailable)
rNeg    . . .        c - +0 leather armour
rPois   +            m - +2 helmet {Int+3}
rElec   .            (no cloak)
rCorr   .            (no gloves)
SInv    +            (no barding)
Will    +....        (no amulet)
Stlth   ++           i - ring of willpower
HPRegen 0.30/turn    (no ring)
MPRegen 0.09/turn

%: no passive effects
@: short of breath, very slow
A: AC +2, large, see invisible, deformed body, poison resistance, slowness 2,
spit poison 1, naga tail 1, fire resistance 1, low MP 2
a: Spit Poison


You were on level 5 of the Dungeon.
You visited 1 branch of the dungeon, and saw 5 of its levels.

You collected 263 gold pieces.
You spent 140 gold pieces at shops.


Innate Abilities, Weirdness & Mutations

Your serpentine skin is tough. (AC +2)
You have supernaturally acute eyesight. (SInv)
Armour fits poorly on your strangely shaped body.
Your system is resistant to poisons. (rPois)
You cover ground very slowly.
You can spit poison.
You have a snake-like lower body.
Your flesh is heat resistant. (rF+)
Your magical capacity is very low. (-20% MP)


   Skills:
 - Level 4.0 Fighting
 + Level 7.4 Ranged Weapons
 - Level 2.1 Dodging
 - Level 1.5 Stealth


You had 6 spell levels left.
You didn't know any spells.
Your spell library was empty.

Inventory:

Hand Weapons
 Y - a +0 shortbow of freezing (weapon)
Armour
 b - a +1 leather armour of fire resistance
 c - a +0 leather armour (worn)
 m - a +2 helmet of intelligence (worn)
Jewellery
 i - a ring of willpower (left hand)
Scrolls
 a - a scroll of identify
Potions
 d - a potion of might
 f - a potion of mutation
 g - a potion of cancellation {unknown}
 h - a potion of ambrosia {unknown}
 j - a potion of curing
 k - a potion of berserk rage {unknown}

Dungeon Overview and Level Annotations

Branches:
Dungeon (5/15)
 Temple: D:4-7

Altars:
Vehumet
Xom

Shops:
D:4 :   D:5 [

Annotations:
D:5 Duvessa


Message History

Press: ? - help, Shift-Dir - straight line, f/p - Duvessa The splash of poison hits Duvessa!
Duvessa looks even sicker.
Duvessa is moderately wounded.
Duvessa hits you with a +0 short sword.
You shoot an arrow.
The arrow hits Duvessa but does no damage.
Duvessa is moderately wounded.
Duvessa completely misses you. Duvessa barely misses you.
You shoot an arrow. The arrow barely misses Duvessa.
Duvessa barely misses you.
You shoot an arrow. The arrow hits Duvessa.
The arrow freezes Duvessa.
Duvessa is heavily wounded.
Duvessa hits you with a +0 short sword. Duvessa hits you with a +0 short sword!
You shoot an arrow. The arrow barely misses Duvessa.
You have got your breath back.
Duvessa barely misses you. Duvessa hits you with a +0 short sword!
3277 ||| INVOKING Spit Poison.
Aiming: Spit Poison (1% risk of failure)
Press: ? - help, Shift-Dir - straight line, f/p - Duvessa The splash of poison hits Duvessa but does no damage.
Duvessa looks even sicker.
Duvessa is heavily wounded.
Duvessa hits you but does no damage.
You shoot an arrow. The arrow hits Duvessa.
The arrow freezes Duvessa.
Duvessa is severely wounded.
Duvessa hits you but does no damage. Duvessa hits you with a +0 short sword!
3279 ||| DRINKING potion of heal wounds.
You feel much better.
You have got your breath back.
Duvessa hits you with a +0 short sword!
3280 ||| INVOKING Spit Poison.
Aiming: Spit Poison (1% risk of failure)
Press: ? - help, Shift-Dir - straight line, f/p - Duvessa The splash of poison hits Duvessa!
Duvessa is almost dead.
Duvessa closely misses you. Duvessa hits you with a +0 short sword!
You shoot an arrow. The arrow hits Duvessa.
The arrow freezes Duvessa.
Duvessa is almost dead.
Duvessa hits you with a +0 short sword!
You die...

##### #...# #...#
###.8.######## ####
#.........##.##.[.#..#
#.8.\<8.......@e......
####.............)....
#8................?
#...##....##.......
######....# .....##
#.....# ######
#.....## #......#
#......#


You could see Duvessa (berserk, very poisoned).

Vanquished Creatures
  2 black bears
  Blork the orc (D:4)
  Dowan (D:5)
  2 vampire bats (D:3)
  A hound (D:4)
  An iguana (D:4)
  Ijyb (D:4)
  2 hound skeletons (D:3)
  Robin (D:3)
  A gnoll (D:1)
  7 adders
  A white imp (D:5)
  An ufetubus (D:5)
  An adder skeleton (D:3)
  An adder zombie (D:3)
  3 worms (D:3)
  2 dart slugs
  2 orcs (D:3)
  11 bats
  7 endoplasms
  4 giant cockroaches
  7 goblins
  12 hobgoblins
  5 jackals
  8 kobolds
  4 quokkas
  8 ball pythons
  4 ball python skeletons (D:3)
  A ball python zombie (D:3)
  3 frilled lizards
  7 rats
112 creatures vanquished.

Notes
Turn   | Place    | Note
-------+----------+-------------------------------------------
     0 | D:1      | qw the Naga Hunter began the quest for the Orb.
     0 | D:1      | Reached XP level 1. HP: 19/19 MP: 1/1
     0 | D:1      | 0 ||| qw: Version: 0.3-a-7-ge0c9b40
     0 | D:1      | 0 ||| qw: Game counter: 842
     0 | D:1      | 0 ||| qw: Always use a shield: true
     0 | D:1      | 0 ||| qw: God list: Okawaru
     0 | D:1      | 0 ||| qw: Allow faded altars: false
     0 | D:1      | 0 ||| qw: Do Orc after D:15 true
     0 | D:1      | 0 ||| qw: Do second Lair branch before Depths: true
     0 | D:1      | 0 ||| qw: Lair rune preference: random
     0 | D:1      | 0 ||| qw: Plans: Normal
     0 | D:1      | 0 ||| PLANNING D:1-11
    64 | D:1      | 64 ||| INVOKING Spit Poison.
    69 | D:1      | Reached skill level 4 in Ranged Weapons
    69 | D:1      | Reached XP level 2. HP: 26/26 MP: 2/2
    83 | D:1      | 83 ||| INVOKING Spit Poison.
    93 | D:1      | 93 ||| INVOKING Spit Poison.
   100 | D:1      | 100 ||| INVOKING Spit Poison.
   111 | D:1      | 111 ||| INVOKING Spit Poison.
   125 | D:1      | 125 ||| INVOKING Spit Poison.
   139 | D:1      | 139 ||| INVOKING Spit Poison.
   143 | D:1      | 143 ||| INVOKING Spit Poison.
   148 | D:1      | 148 ||| INVOKING Spit Poison.
   153 | D:1      | 153 ||| INVOKING Spit Poison.
   154 | D:1      | Reached XP level 3. HP: 26/32 MP: 3/3
   181 | D:1      | Found a faded altar of an unknown god.
   202 | D:1      | 202 ||| INVOKING Spit Poison.
   206 | D:1      | 206 ||| INVOKING Spit Poison.
   276 | D:1      | 276 ||| INVOKING Spit Poison.
   286 | D:1      | 286 ||| INVOKING Spit Poison.
   301 | D:1      | 301 ||| INVOKING Spit Poison.
   417 | D:1      | 417 ||| INVOKING Spit Poison.
   421 | D:1      | 421 ||| INVOKING Spit Poison.
   445 | D:1      | 445 ||| INVOKING Spit Poison.
   449 | D:1      | 449 ||| INVOKING Spit Poison.
   785 | D:1      | 785 ||| INVOKING Spit Poison.
   805 | D:1      | 805 ||| READING scroll labelled LOZIMPULOMN.
   806 | D:1      | 806 ||| READING scroll labelled TUGE ENNOU.
   807 | D:1      | 807 ||| READING scroll labelled ILLUME JIYWOTE.
   808 | D:1      | 808 ||| DROPPING scroll of butterflies.
   820 | D:2      | 820 ||| INVOKING Spit Poison.
   836 | D:2      | 836 ||| INVOKING Spit Poison.
   841 | D:2      | 841 ||| INVOKING Spit Poison.
   963 | D:2      | 963 ||| INVOKING Spit Poison.
   968 | D:2      | 968 ||| INVOKING Spit Poison.
   995 | D:2      | 995 ||| INVOKING Spit Poison.
  1056 | D:2      | 1056 ||| INVOKING Spit Poison.
  1081 | D:2      | 1081 ||| INVOKING Spit Poison.
  1085 | D:2      | 1085 ||| INVOKING Spit Poison.
  1087 | D:2      | Reached skill level 5 in Ranged Weapons
  1087 | D:2      | Reached XP level 4. HP: 36/39 MP: 4/4
  1115 | D:2      | 1115 ||| INVOKING Spit Poison.
  1123 | D:2      | 1123 ||| INVOKING Spit Poison.
  1183 | D:2      | 1183 ||| INVOKING Spit Poison.
  1302 | D:2      | 1302 ||| INVOKING Spit Poison.
  1389 | D:2      | 1389 ||| DROPPING ring of flight.
  1390 | D:2      | 1390 ||| READING scroll labelled CAATAD RAUL.
  1391 | D:2      | 1391 ||| DRINKING 2 green potions.
  1392 | D:2      | 1392 ||| READING 2 scrolls of identify.
  1392 | D:2      | 1392 ||| IDENTIFYING blue potion
  1393 | D:2      | 1393 ||| DROPPING potion of attraction.
  1417 | D:3      | 1417 ||| INVOKING Spit Poison.
  1421 | D:3      | 1421 ||| INVOKING Spit Poison.
  1427 | D:3      | 1427 ||| INVOKING Spit Poison.
  1495 | D:3      | 1495 ||| INVOKING Spit Poison.
  1506 | D:3      | 1506 ||| INVOKING Spit Poison.
  1522 | D:3      | 1522 ||| INVOKING Spit Poison.
  1523 | D:3      | Reached skill level 3 in Fighting
  1562 | D:3      | 1562 ||| INVOKING Spit Poison.
  1643 | D:3      | 1643 ||| INVOKING Spit Poison.
  1672 | D:3      | Noticed a black bear
  1674 | D:3      | 1674 ||| INVOKING Spit Poison.
  1678 | D:3      | Killed a black bear
  1679 | D:3      | Reached XP level 5. HP: 48/49 MP: 5/5
  1723 | D:3      | Found a shimmering altar of Xom.
  1724 | D:3      | Found a radiant altar of Vehumet.
  1833 | D:3      | 1833 ||| INVOKING Spit Poison.
  1846 | D:3      | Reached skill level 6 in Ranged Weapons
  1846 | D:3      | Reached XP level 6. HP: 56/56 MP: 6/6
  1862 | D:3      | 1862 ||| INVOKING Spit Poison.
  1881 | D:3      | 1881 ||| INVOKING Spit Poison.
  1980 | D:3      | 1980 ||| INVOKING Spit Poison.
  1981 | D:3      | 1981 ||| INVOKING Spit Poison.
  2113 | D:3      | 2113 ||| INVOKING Spit Poison.
  2185 | D:3      | 2185 ||| INVOKING Spit Poison.
  2190 | D:3      | 2190 ||| INVOKING Spit Poison.
  2220 | D:3      | 2220 ||| INVOKING Spit Poison.
  2220 | D:3      | Noticed Robin
  2227 | D:3      | 2227 ||| Stepping ~*~*~tactically~*~*~ (outnumbered).
  2228 | D:3      | 2228 ||| INVOKING Spit Poison.
  2231 | D:3      | 2231 ||| INVOKING Spit Poison.
  2235 | D:3      | 2235 ||| INVOKING Spit Poison.
  2235 | D:3      | Killed Robin
  2239 | D:3      | 2239 ||| INVOKING Spit Poison.
  2340 | D:3      | 2340 ||| UPGRADING to +2 helmet of intelligence.
  2345 | D:3      | 2345 ||| READING scroll labelled DOGOLUL HIGHAK.
  2349 | D:3      | 2349 ||| READING scroll labelled WUSYRGH GINU.
  2350 | D:3      | 2350 ||| READING scroll labelled NUISEC DUODGH.
  2351 | D:3      | 2351 ||| READING scroll labelled CIWIANE NODU.
  2352 | D:3      | 2352 ||| DRINKING 2 purple potions.
  2353 | D:3      | 2353 ||| DROPPING potion of degeneration.
  2365 | D:4      | Noticed Blork the orc
  2367 | D:4      | 2367 ||| INVOKING Spit Poison.
  2370 | D:4      | 2370 ||| INVOKING Spit Poison.
  2374 | D:4      | 2374 ||| INVOKING Spit Poison.
  2374 | D:4      | Killed Blork the orc
  2437 | D:4      | 2437 ||| INVOKING Spit Poison.
  2438 | D:4      | Reached XP level 7. HP: 64/64 MP: 7/7
  2460 | D:4      | 2460 ||| INVOKING Spit Poison.
  2466 | D:4      | 2466 ||| INVOKING Spit Poison.
  2469 | D:4      | 2469 ||| INVOKING Spit Poison.
  2498 | D:4      | 2498 ||| INVOKING Spit Poison.
  2499 | D:4      | 2499 ||| INVOKING Spit Poison.
  2519 | D:4      | 2519 ||| INVOKING Spit Poison.
  2551 | D:4      | 2551 ||| INVOKING Spit Poison.
  2557 | D:4      | 2557 ||| INVOKING Spit Poison.
  2559 | D:4      | Reached skill level 7 in Ranged Weapons
  2596 | D:4      | 2596 ||| INVOKING Spit Poison.
  2621 | D:4      | Found Kumar's Self-Improvement Boutique.
  2676 | D:4      | 2676 ||| INVOKING Spit Poison.
  2690 | D:4      | Noticed Ijyb
  2691 | D:4      | 2691 ||| INVOKING Spit Poison.
  2697 | D:4      | 2697 ||| INVOKING Spit Poison.
  2707 | D:4      | 2707 ||| INVOKING Spit Poison.
  2711 | D:4      | 2711 ||| INVOKING Spit Poison.
  2712 | D:4      | Killed Ijyb
  2810 | D:4      | 2810 ||| INVOKING Spit Poison.
  2817 | D:4      | 2817 ||| INVOKING Spit Poison.
  2824 | D:4      | 2824 ||| INVOKING Spit Poison.
  2859 | D:4      | 2859 ||| INVOKING Spit Poison.
  2872 | D:4      | 2872 ||| INVOKING Spit Poison.
  3076 | D:4      | 3076 ||| UPGRADING to ring of willpower.
  3077 | D:4      | 3077 ||| READING scroll labelled SUNELE ISTRING.
  3078 | D:4      | 3078 ||| DRINKING 2 pink potions.
  3078 | D:4      | Gained mutation: Your magical capacity is low. (-10% MP)
                  | [potion of mutation]
  3078 | D:4      | Gained mutation: Your magical capacity is very low. (-20%
                  | MP) [potion of mutation]
  3078 | D:4      | Gained mutation: Your flesh is heat resistant. (rF+)
                  | [potion of mutation]
  3079 | D:4      | 3079 ||| READING 2 scrolls of identify.
  3079 | D:4      | 3079 ||| IDENTIFYING fuming coppery potion
  3093 | D:5      | Entered Level 5 of the Dungeon
  3105 | D:5      | 3105 ||| FLEEEEING.
  3106 | D:5      | 3106 ||| STAIRDANCE
  3209 | D:5      | 3209 ||| INVOKING Spit Poison.
  3213 | D:5      | 3213 ||| INVOKING Spit Poison.
  3245 | D:5      | Found Muturita's Antique Armour Emporium.
  3252 | D:5      | 3252 ||| BUYING glowing leather armour (140 gold).
  3252 | D:5      | Bought a glowing leather armour for 140 gold pieces
  3252 | D:5      | 3252 ||| SHOPLISTING ripped robe (159 gold, have 123).
  3261 | D:5      | Noticed Dowan
  3263 | D:5      | Noticed Duvessa
  3264 | D:5      | 3264 ||| INVOKING Spit Poison.
  3267 | D:5      | 3267 ||| INVOKING Spit Poison.
  3268 | D:5      | Killed Dowan
  3272 | D:5      | 3272 ||| INVOKING Spit Poison.
  3277 | D:5      | 3277 ||| INVOKING Spit Poison.
  3278 | D:5      | HP: 2/64 [Duvessa/+0 short sword (17)]
  3279 | D:5      | 3279 ||| DRINKING potion of heal wounds.
  3280 | D:5      | 3280 ||| INVOKING Spit Poison.
  3281 | D:5      | Mangled by Duvessa

Levels and vault maps discovered:
D:1:      sevenhm_arrival_forest_fort_small_5, layout_basic,
          basic_ecumenical_altar, nicolae_kite_square_tiling_tiny
D:2:      layout_loops_ring
D:3:      layout_loops_ring, grunt_temple_overflow_open, serial_undead,
          serial_undead_f, serial_undead_a, serial_undead_b, serial_undead_b,
          serial_undead_b, serial_undead_d, roderic_batcave, uniq_robin
D:4:      layout_loops_ring, nicolae_shop_self_help, uniq_ijyb,
          uniq_blork_the_orc
D:5:      layout_gridville, minmay_temple_entry_offerings, serial_shops,
          nicolae_shop_statue_plus, hangedman_decor_growths, uniq_menkaure,
          uniq_prince_ribbit1, uniq_duvessa, uniq_edmund

Skill      XL: |  1  2  3  4  5  6  7 |
---------------+----------------------+-----
Ranged Weapons | 4 5 6 7 |  7.4
Fighting       | 3 4 |  4.0
Dodging        | 2 |  2.1
Stealth        | |  1.5

Action                     |  1- 3 |  4- 6 |  7- 9 || total
---------------------------+-------+-------+-------++-------
   Fire: Shortbow          |    62 |   112 |    77 ||   251
Ability: Spit Poison       |    29 |    29 |    25 ||    83
    Use: Scroll            |     3 |     6 |     2 ||    11
         Potion            |       |     2 |     2 ||     4
 Armour: Leather armour    |     9 |    18 |    31 ||    58
  Dodge: Dodged            |     9 |    31 |    35 ||    75

Table legend:
 A = Non-vault XP
 B = Vault XP
 C = Vault XP percentage of total XP
 D = Non-vault monster count
 E = Vault monster count
 F = Vault count percentage of total count
                 A         B        C        D         E       F
            +---------+---------+-------+---------+---------+-------
      Total |     594 |     406 |  40.6 |      80 |      32 |  28.6
            +---------+---------+-------+---------+---------+-------
        D:1 |      55 |       0 |   0.0 |      24 |       0 |   0.0
        D:2 |      65 |       0 |   0.0 |      18 |       0 |   0.0
        D:3 |     182 |     205 |  53.0 |      21 |      29 |  58.0
        D:4 |     273 |     132 |  32.6 |      15 |       2 |  11.8
        D:5 |      19 |      69 |  78.4 |       2 |       1 |  33.3
            +---------+---------+-------+---------+---------+-------
